cohdb
Replays
Latest Replays
All Replays
Popular Replays
Top Player Replays
Match Explorer
How It Works
Community
CoH3 Stats
Reddit
Sign in to upload your games and track your stats! →
Sign in with Steam
Match 42817913
Unlisted
Match 42817913
Overview
Messages
Build Orders
End
Kradschützen Motorcycle Team
Panzerpioneer Squad
Selects Italian Infantry
Panzergrenadier Squad
Panzergrenadier Squad
250 Light Carrier
Construct Light Support Kompanie
Selects Defensive Operations
Assault Mechanized Group
Combat Half-tracks
Fire Support Elements
Selects Guastatori Squad
Flakvierling Half-track
Pak 38 Anti-tank Gun Team
Selects Prepared Positions
2.5-tonne Medical Truck
Selects Registered Artillery
Construct Mechanized Kompanie
Guastatori Squad
Marder III Tank Destroyer
Veteran Squad Leaders
Trion
Hunter
pensss
SxNine
0
0
Comments
sign in to comment!
No comments posted yet!